 Dungeon Crawl Stone Soup version 0.30-a0-924-g0ad0bf95bc (webtiles) character file.

Game seed: 6940290504914991805

3196 retardedninja the Protected (level 9, -4/72 HPs)
             Began as an Armataur Fighter on Mar 22, 2023.
             Was a Believer of Hepliaklqana.
             Slain by a cyclops (15 damage)
             ... on level 7 of the Dungeon.
             The game lasted 00:09:27 (8056 turns).

retardedninja the Protected (Armataur Fighter)      Turns: 8056, Time: 00:09:27

Health: -4/72      AC: 14    Str: 30    XL:     9   Next: 64%
Magic:  9/9        EV:  8    Int:  4    God:    Hepliaklqana [**....]
Gold:   444        SH:  5    Dex:  9    Spells: 8/8 levels left

rFire   . . .      SeeInvis .    f - +0 broad axe (spect)
rCold   . . .      Faith    .    c - +0 buckler
rNeg    + + .      Spirit   .    b - +3 scale mail of Ymanlui {rN++ Regen+ Str+3 Int-4}
rPois   .          Reflect  .    d - +1 helmet
rElec   .          Roll     +    x - +0 cloak
rCorr   .                        (no gloves)
Will    .....                    (no barding) Stlth
                                 (no amulet)
HPRegen 1.12/turn                (no ring)
MPRegen 0.11/turn                (no ring)

@: invisible
A: reduced essence, large, rugged brown scales 3, deformed body, armoured tail,
roll, long tongue, awkward tongue
a: Renounce Religion, Recall Ancestor, Ancestor Identity


You were on level 7 of the Dungeon.
You worshipped Hepliaklqana.
Hepliaklqana was pleased with you.
You visited 2 branches of the dungeon, and saw 8 of its levels.
You also visited: Sewer.

You collected 444 gold pieces.

Inventory:

Hand Weapons
 f - a +0 spectral broad axe (weapon)
Armour
 b - the +3 scale mail of Ymanlui (worn) {rN++ Regen+ Str+3 Int-4}
   (You found it on level 6 of the Dungeon)

   Str:       It affects your strength (+3).
   Int:       It affects your intelligence (-4).
   rN:        It greatly protects you from negative energy.
   Regen:     It increases your rate of health regeneration.
 c - a +0 buckler (worn)
 d - a +1 helmet (worn)
 x - a +0 cloak (worn)
Wands
 t - a wand of flame (20)
 y - a wand of paralysis (13)
Scrolls
 e - 5 scrolls of teleportation
 j - a scroll of identify
 m - 2 scrolls of poison {unknown}
 o - a scroll of blinking {unknown}
 q - a scroll of silence {unknown}
 r - a scroll of magic mapping
 u - a scroll of fear {unknown}
 w - a scroll of acquirement {unknown}
 z - 2 scrolls of fog {unknown}
 C - a scroll of summoning {unknown}
Potions
 a - 4 potions of magic
 g - 2 potions of ambrosia {unknown}
 h - 2 potions of attraction {unknown}
 i - 2 potions of brilliance
 k - a potion of might
 l - a potion of resistance
 n - 2 potions of cancellation
 p - a potion of invisibility
 s - a potion of lignification {unknown}
 v - a potion of degeneration {unknown}
 A - 3 potions of curing
 B - a potion of mutation {unknown}


   Skills:
 + Level 6.2 Fighting
 * Level 7.4 Axes
 + Level 8.1 Armour
 + Level 7.4 Shields


You had 8 spell levels left.
You didn't know any spells.
Your spell library contained the following spells:

 Spells                   Type           Power      Damage    Failure   Level
 Animate Dead             Necr           0%         N/A       100%        4
 Borgnjor's Vile Clutch   Necr/Erth      0%         N/A       100%        5
 Death Channel            Necr           0%         N/A       100%        6


Dungeon Overview and Level Annotations

Branches:
Dungeon (7/15)             Temple (1/1) D:5           Sewer (visited)

Altars:
Ashenzari
Cheibriados
Dithmenos
Elyvilon
Fedhas
Gozag
Hepliaklqana
Kikubaaqudgha
Makhleb
Nemelex Xobeh
Okawaru
Qazlal
Ru
Sif Muna
Trog
Uskayaw
Vehumet
Wu Jian
Xom
Yredelemnul
Zin
The Shining One

Shops:
D:3 [   D:5 ?

Annotations:
D:6 2 transporters, pigah's ghost, novice OpWn


Innate Abilities, Weirdness & Mutations

Your life essence is reduced to manifest your ancestor. (-10% HP)
You are completely covered in rugged brown scales. (AC +3, +7% HP)
Armour fits poorly on your strangely shaped body.
You have a long armoured tail.
You roll when moving toward enemies. (Rampage)
Your long tongue fully drains potion bottles. (2x potion effects)
Your tongue gives you trouble enunciating. (1.5x scroll delay)


Message History

The cyclops barely misses you.
You swap places.
The gargoyle hurls a stone arrow past the cyclops.
The stone arrow hits the cyclops!
Pablo escobar casts a spell at the gargoyle.
The stone arrow hits the gargoyle!
The cyclops hits pablo escobar!!
Pablo escobar is destroyed!
Unknown command.
You feel better.
You slurp down every last drop of the potion of curing!
You hit the gargoyle but do no damage.
The gargoyle is heavily damaged.
The gargoyle hurls a stone arrow at you.
The stone arrow hits you!!
The cyclops throws a large rock.
The large rock hits the gargoyle!!
The gargoyle is destroyed!
You roll towards the cyclops!
You barely miss the cyclops.
The cyclops is moderately wounded.
Unknown command.
You slice the cyclops!!
The cyclops is severely wounded.
The cyclops hits you!!
* * * LOW HITPOINT WARNING * * *
Unknown command.
Unknown command.
You hit the cyclops but do no damage.
The cyclops is severely wounded.
The cyclops hits you but does no damage.
You feel better.
You slurp down every last drop of the potion of curing!
The cyclops barely misses you.
You slash the cyclops!
The cyclops is almost dead.
The cyclops hits you!!
* * * LOW HITPOINT WARNING * * *
You hit the cyclops.
The cyclops is almost dead.
The cyclops hits you!
You die...

.......#...# #.# ##.#...#.##.
.......#...# #.# #...#)#...#.
.......##..# ... ##.#.#.#.##.
...........### ..# ###.#.....#.#.
...........#..##8##..#..#.#.#..#.
#..........# #.#...# #.#.....#.#.
#...#####..# #..?..# ##.#.#.#.##.
#...#......# #C# #...#.#...#.
#...#.^....# #@# ##.#...#.##.
#####......#####.### #####[#####.
### #......#.#.....#.#####.#####.
..# #......#...###..###.)).#..##.
..###......#.#.......##..#....##.
...........####.##.#####.#.##.##.
...........#..#.#..#.....#.#...#.
.).........##.#.##...##.####.###.
).###..))).#...†.##.###....#..##.


You could see a cyclops (unable to see you).

Vanquished Creatures
  Eustachio (D:4)
  2 water moccasins
  An orc warrior (D:5)
  Pargi (Sewer)
  A black bear (D:6)
  An ogre (D:7)
  A centaur (D:6)
  A phantom (D:7)
  A water moccasin zombie (D:5)
  A wyvern zombie (D:5)
  6 scorpions
  A bullfrog zombie (D:5)
  A hound (D:6)
  A jelly (D:6)
  A sleepcap (D:7)
  An iguana (D:5)
  Natasha (D:3)
  Terence (D:3)
  4 orc wizards
  A hound zombie (D:5)
  A howler monkey skeleton (D:5)
  20 adders
  2 shadow imps (D:5)
  2 white imps (D:7)
  A worm (D:3)
  6 dart slugs
  25 orcs
  8 ball pythons
  10 bats
  3 endoplasms
  8 giant cockroaches
  A goblin (D:3)
  9 hobgoblins
  2 jackals (D:3)
  3 quokkas
  5 frilled lizards
  6 kobolds
  4 rats
145 creatures vanquished.

Vanquished Creatures (collateral kills)
  A troll (D:7)
  2 steam dragons (D:7)
  A water moccasin (D:7)
  A sky beast (D:7)
  A black bear (D:7)
  A centaur (D:7)
  A scorpion (D:7)
  2 hounds
  2 orcs (D:7)
12 creatures vanquished.

Vanquished Creatures (others)
  A gargoyle (D:7)
  A yak (D:7)
  A battlemage (D:7)
3 creatures vanquished.

Grand Total: 160 creatures vanquished

Notes
Turn   | Place    | Note
-------+----------+-------------------------------------------
     0 | D:1      | retardedninja the Armataur Fighter began the quest for the
                  | Orb.
     0 | D:1      | Reached XP level 1. HP: 19/19 MP: 1/1
   356 | D:1      | Reached XP level 2. HP: 26/26 MP: 2/2
   367 | D:1      | Found a faded altar of an unknown god.
   826 | D:2      | Reached XP level 3. HP: 24/32 MP: 3/3
   883 | D:2      | Found a hide-covered altar of Uskayaw.
   894 | D:2      | Reached skill level 4 in Armour
  1497 | D:3      | Noticed Terence
  1510 | D:3      | Killed Terence
  1511 | D:3      | Reached XP level 4. HP: 11/40 MP: 4/4
  1728 | D:3      | HP: 2/40 [orc/+0 club (3)]
  2021 | D:3      | Found Azxas's Antique Armour Emporium.
  2067 | D:3      | Reached XP level 5. HP: 27/48 MP: 5/5
  2875 | D:3      | Reached XP level 6. HP: 51/54 MP: 6/6
  3306 | D:3      | Noticed Natasha
  3310 | D:3      | Killed Natasha
  3311 | D:3      | Reached skill level 5 in Armour
  3850 | D:4      | Found a glowing drain.
  3869 | Sewer    | Entered a sewer
  3896 | Sewer    | Noticed Pargi
  3924 | Sewer    | Killed Pargi
  4440 | D:4      | Reached XP level 7. HP: 12/63 MP: 7/7
  5033 | D:4      | Noticed Eustachio
  5053 | D:4      | Killed Eustachio
  5054 | D:4      | Reached skill level 5 in Shields
  5542 | D:4      | Found a white marble altar of Elyvilon.
  5543 | D:4      | Found a basalt altar of Yredelemnul.
  5544 | D:4      | Found a sparkling altar of Nemelex Xobeh.
  5545 | D:4      | Found a shadowy altar of Dithmenos.
  5581 | D:5      | Entered Level 5 of the Dungeon
  5722 | D:5      | Reached skill level 5 in Axes
  5722 | D:5      | Reached skill level 6 in Armour
  5733 | D:5      | Reached XP level 8. HP: 51/71 MP: 8/8
  5837 | D:5      | Found a staircase to the Ecumenical Temple.
  6041 | Temple   | Entered the Ecumenical Temple
  6132 | Temple   | Became a worshipper of Hepliaklqana the Forgotten
  6512 | D:5      | Found Vehu's Magic Scroll Shop.
  6921 | D:6      | Identified the +3 scale mail of Ymanlui {rN++ Regen+ Str+3
                  | Int-4}
  6993 | D:6      | Found a transporter.
  7091 | D:6      | Reached * piety under Hepliaklqana
  7121 | D:6      | Reached skill level 5 in Fighting
  7148 | D:6      | Found a transporter.
  7149 | D:6      | Identified the +4 great mace "Wiseapt" {flame, *Noise rElec
                  | Dex+2}
  7149 | D:6      | Noticed a two-headed ogre
  7149 | D:6      | Noticed pigah's ghost (novice OpWn)
  7257 | D:6      | Reached skill level 7 in Armour
  7692 | D:7      | Reached ** piety under Hepliaklqana
  7709 | D:7      | Remembered your ancestor pablo escobar as a battlemage
  7776 | D:7      | Reached XP level 9. HP: 60/71 MP: 9/9
  8035 | D:7      | Noticed a troll
  8035 | D:7      | Noticed a gargoyle
  8040 | D:7      | Killed a troll
  8041 | D:7      | Noticed a cyclops
  8044 | D:7      | Reached skill level 8 in Armour
  8050 | D:7      | Killed a gargoyle
  8056 | D:7      | Slain by a cyclops

Illustrated notes

Levels and vault maps discovered:
D:1:      scummos_arrival_hexagon, layout_basic, ebering_ecumenical_altar_box
D:2:      layout_loops_ring, basic_altar
D:3:      layout_loops_corners, serial_shops, shop, minmay_snake_closets,
          uniq_natasha, uniq_terence
D:4:      layout_basic, mainiacjoe_overflow_alcove_3, gup_sewer_entry_pipe,
          uniq_eustachio
D:5:      layout_loops_ring, minmay_temple_entry_arrows, serial_undead,
          serial_undead_f, serial_undead_d, serial_undead_a, serial_undead_c,
          nicolae_stop_n_shop_1
D:6:      layout_rooms, gammafunk_ghost_smash, minmay_quadrilaterals
D:7:      layout_basic, minmay_the_grid_2x2 [minmay_the_grid_diamond_grid,
          minmay_the_grid_embedded, minmay_the_grid_mess,
          minmay_the_grid_prize_trominoes]
Temple:   mainiacjoe_temple_coin_purse

Skill      XL: |  1  2  3  4  5  6  7  8  9 |
---------------+----------------------------+-----
Axes           | 2 3 4 5 6 7 |  7.4
Armour         | 4 5 6 7 8 |  8.1
Fighting       | 3 4 5 6 |  6.2
Shields        | 4 5 6 7 |  7.4

Action                     |  1- 3 |  4- 6 |  7- 9 || total
---------------------------+-------+-------+-------++-------
  Melee: War axe           |    13 |       |       ||    13
         Broad axe         |   111 |   248 |   188 ||   547
         Tailslap          |     6 |    26 |    26 ||    58
 Invoke: Ancestor Life: Ba |       |       |     1 ||     1
         Ancestor Identity |       |       |     1 ||     1
    Use: Potion            |     1 |     4 |     7 ||    12
         Scroll            |       |       |     8 ||     8
   Stab: Invisible         |       |       |     3 ||     3
         Distracted        |       |       |     1 ||     1
 Armour: Scale mail        |    62 |   215 |    51 ||   328
         Chain mail        |       |     8 |   101 ||   109
  Dodge: Dodged            |    50 |    85 |    77 ||   212
  Block: Buckler           |    17 |    66 |    43 ||   126

Table legend: (Time is in decaauts)
 A = Elapsed time spent in this place.
 B = Non-inter-level travel time spent in this place.
 C = Inter-level travel time spent in this place.
 D = Time resting spent in this place.
 E = Time spent auto-exploring this place.
 F = Levels seen in this place.
 G = Mean time per level.
                   A        B        C        D        E       F      G
               +--------+--------+--------+--------+--------+-----+--------+
         Total |   8261 |   8036 |    225 |   2463 |   4167 |   9 |  917.9 |
       Dungeon |   7826 |   7622 |    204 |   2271 |   4053 |   7 | 1118.0 |
        Temple |    135 |    114 |     21 |      0 |     98 |   1 |  135.0 |
         Sewer |    298 |    298 |      0 |    192 |     16 |   1 |  298.0 |
               +--------+--------+--------+--------+--------+-----+--------+

Top non-repeatable levels by time:
     D:3: 2146 daAuts
     D:4: 1766 daAuts
     D:5: 1211 daAuts
     D:2: 823 daAuts
     D:1: 713 daAuts
     D:7: 638 daAuts
     D:6: 528 daAuts
   Sewer: 298 daAuts
  Temple: 135 daAuts
